 Dungeon Crawl Stone Soup version 0.21-a0-508-gf08a75f (webtiles) character file.

825 qqqbard the Magician (level 7, -2/36 HPs)
             Began as a Deep Elf Wizard on Nov 28, 2017.
             Slain by Menkaure (12 damage)
             ... on level 5 of the Dungeon.
             The game lasted 00:10:53 (4818 turns).

qqqbard the Magician (Deep Elf Wizard)              Turns: 4818, Time: 00:10:54

Health: -2/36      AC:  4    Str:  4    XL:     7   Next: 64%
Magic:  1/20       EV: 14    Int: 25    God:
Gold:   297        SH:  0    Dex: 13    Spells: 6/21 levels left

rFire    . . .     SeeInvis .   E - +2 quarterstaff (chaos)
rCold    . . .     Gourm    .   (shield currently unavailable)
rNeg     . . .     Faith    .   a - +0 robe
rPois    .         Spirit   .   b - +0 hat
rElec    .         Reflect  .   C - +0 cloak
rCorr    .         Harm     .   o - +0 pair of gloves
MR       .....                  (no boots)
Stlth    +.........             (no amulet)
HPRegen  0.12/turn              e - ring of loudness (curse)
MPRegen  0.17/turn              (no ring)

@: very slightly contaminated
A: no striking features
a: no special abilities


You were on level 5 of the Dungeon.
You were not hungry.

You visited 1 branch of the dungeon, and saw 5 of its levels.

You collected 297 gold pieces.

Inventory:

Hand Weapons
 v - a +0 quarterstaff
 E - a +2 quarterstaff of chaos (weapon)
Armour
 a - a +0 robe (worn)
 b - a +0 hat (worn)
 o - a +0 pair of gloves (worn)
 q - a +2 large shield
 C - a +0 cloak (worn)
Jewellery
 e - a cursed ring of loudness (left hand)
 f - an uncursed ring of see invisible {unknown}
 H - an uncursed ring of flight {unknown}
Wands
 k - a wand of flame (22)
Scrolls
 j - 11 scrolls of identify {unknown}
 m - 2 scrolls of enchant weapon {unknown}
 n - a scroll of remove curse {unknown}
 r - 3 scrolls of fear {unknown}
 t - 5 scrolls of immolation {unknown}
 w - a scroll of blinking {unknown}
 x - 3 scrolls of teleportation {unknown}
 D - 3 scrolls of enchant armour {unknown}
Potions
 g - 2 potions of brilliance {unknown}
 h - a potion of flight
 i - 2 potions of invisibility
 l - a potion of magic {unknown}
 p - a potion of lignification {unknown}
 s - a potion of resistance {unknown}
 u - 3 potions of degeneration
 B - 2 potions of mutation {unknown}
 F - 2 potions of haste {unknown}
Books
 c - a book of Minor Magic

   Spells                             Type                      Level
   a - Magic Dart                     Conjuration                  1
   b - Blink                          Translocation                2
   c - Call Imp                       Summoning                    2
   d - Slow                           Hexes                        2
   e - Conjure Flame                  Conjuration/Fire             3
   f - Mephitic Cloud                 Conjuration/Poison/Air       3
 y - a book of Conjurations

   Spells                             Type                      Level
   a - Magic Dart                     Conjuration                  1
   b - Searing Ray                    Conjuration                  2
   c - Dazzling Spray                 Conjuration/Hexes            3
   d - Fulminant Prism                Conjuration/Hexes            4
   e - Force Lance                    Conjuration/Translocation    4
   f - Iskenderun's Mystic Blast      Conjuration                  4
Comestibles
 d - 5 bread rations
 z - a royal jelly
 A - a meat ration
 G - a chunk of flesh


   Skills:
 - Level 4.0 Dodging
 - Level 2.4 Stealth
 * Level 7.5 Spellcasting
 * Level 4.5 Conjurations
 + Level 2.8 Hexes
   Level 1.1 Summonings
 - Level 3.2 Translocations
 - Level 2.3 Air Magic
 - Level 2.0 Poison Magic


You had 6 spell levels left.
You knew the following spells:

 Your Spells              Type           Power        Failure   Level  Hunger
a - Magic Dart            Conj           ####         1%          1    None
b - Blink                 Tloc           N/A          2%          2    None
c - Mephitic Cloud        Conj/Pois/Air  ###.....     5%          3    None
d - Dazzling Spray        Conj/Hex       ####..       4%          3    None
e - Slow                  Hex            ###.....     3%          2    None
f - Iskenderun's Mystic   Conj           ####....     10%         4    ###....


Dungeon Overview and Level Annotations

Branches:
Dungeon (5/15)
 Temple: D:4-7

Altars:
Makhleb
Qazlal
The Shining One

Shops:
D:4 [

Annotations:
D:5 Menkaure


Message History

Menkaure casts a spell.
Menkaure seems to speed up.
Casting: Magic Dart
Confirm with . or Enter, or press ? or * to list all spells.
Aiming: Magic Dart
Press: ? - help, Shift-Dir - straight line, f/p - Menkaure
Aim: Menkaure (severely damaged, fast)
The magic dart hits Menkaure.
Menkaure is severely damaged.
Menkaure hits you!
* * * LOW HITPOINT WARNING * * *
Casting: Magic Dart
Confirm with . or Enter, or press ? or * to list all spells.
Aiming: Magic Dart
Press: ? - help, Shift-Dir - straight line, f/p - Menkaure
Aim: Menkaure (severely damaged, fast)
The magic dart hits Menkaure.
Menkaure is severely damaged.
Menkaure hits you!
You die...

####### #.@...#
#M###.##########
#. #..........#
#. ##########.#
#. ####.#### ##
###.#....#...
#.......##.#.
#.#.#.#.##.#.
#.#.#.#....#.


You could see Menkaure.

Vanquished Creatures
  Grinder (D:5)
  A black bear (D:5)
  A bullfrog (D:4)
  A crimson imp (D:5)
  A hound (D:4)
  A centaur zombie (D:3)
  Crazy Yiuf (D:3)
  2 centaur skeletons (D:4)
  2 orc wizards (D:5)
  4 worker ants
  A hound skeleton (D:4)
  5 adders
  2 shadow imps (D:5)
  A worm (D:4)
  A leopard gecko (D:2)
  7 orcs (D:5)
  4 giant cockroaches
  11 goblins
  5 hobgoblins
  5 jackals
  3 quokkas
  A ball python (D:1)
  7 bats
  2 frilled lizards
  7 kobolds
  7 rats
84 creatures vanquished.

Notes
Turn   | Place    | Note
-------+----------+-------------------------------------------
     0 | D:1      | qqqbard the Deep Elf Wizard began the quest for the Orb.
     0 | D:1      | Reached XP level 1. HP: 10/10 MP: 7/7
   345 | D:1      | Reached XP level 2. HP: 15/15 MP: 1/9
  1067 | D:2      | Reached skill level 5 in Spellcasting
  1071 | D:2      | Learned a level 2 spell: Blink
  1146 | D:2      | Reached XP level 3. HP: 19/19 MP: 8/11
  1383 | D:2      | Reached XP level 4. HP: 17/24 MP: 5/13
  1425 | D:2      | Learned a level 3 spell: Mephitic Cloud
  1919 | D:3      | Learned a level 3 spell: Dazzling Spray
  2037 | D:3      | Found a stormy altar of Qazlal.
  2238 | D:3      | Found a runed door.
  2242 | D:3      | Noticed Crazy Yiuf
  2248 | D:3      | Killed Crazy Yiuf
  2248 | D:3      | Reached XP level 5. HP: 28/28 MP: 5/15
  2298 | D:3      | Found a burning altar of Makhleb.
  2452 | D:3      | Learned a level 2 spell: Slow
  2460 | D:3      | Reached skill level 6 in Spellcasting
  2474 | D:3      | Found a glowing golden altar of the Shining One.
  2586 | D:4      | Reached skill level 1 in Poison Magic
  2994 | D:4      | Found Jazuid's Armour Emporium.
  3141 | D:4      | Learned a level 4 spell: Iskenderun's Mystic Blast
  3176 | D:4      | Reached skill level 1 in Hexes
  3176 | D:4      | Reached skill level 1 in Air Magic
  3178 | D:4      | Reached XP level 6. HP: 7/32 MP: 0/17
  3813 | D:5      | Entered Level 5 of the Dungeon
  4132 | D:5      | Reached XP level 7. HP: 28/36 MP: 1/19
  4235 | D:5      | Reached skill level 7 in Spellcasting
  4640 | D:5      | Noticed Grinder
  4687 | D:5      | Killed Grinder
  4810 | D:5      | Noticed Menkaure
  4818 | D:5      | Slain by Menkaure

Vault maps used:
D:1:      dpeg_arrival_stone_temple_mockup, minivault_19
D:2:      minmay_surrounded
D:3:      nicolae_tso_carved_into_rock, nicolae_overflow_hidden_temple,
          nicolae_qazlal_general_emergency, uniq_crazy_yiuf_cottage
D:4:      serial_shops, shop_statue, first_bread
D:5:      uniq_menkaure, uniq_grinder

Skill      XL: |  1  2  3  4  5  6  7 |
---------------+----------------------+-----
Conjurations   | 2 3 4 |  4.5
Spellcasting   | 5 6 7 |  7.5
Dodging        | 3 4 |  4.0
Translocations | 2 3 |  3.2
Poison Magic   | 1 2 |  2.0
Hexes          | 1 2 |  2.8
Air Magic      | 1 2 |  2.3
Stealth        | |  2.4
Summonings     | |  1.1

Action                   |  1- 3 |  4- 6 |  7- 9 || total
-------------------------+-------+-------+-------++-------
Melee: Unarmed           |     7 |       |       ||     7
       Quarterstaff      |       |     8 |    14 ||    22
 Cast: Magic Dart        |    68 |    77 |    23 ||   168
       Mephitic Cloud    |       |     1 |       ||     1
       Dazzling Spray    |       |    17 |       ||    17
       Iskenderun's Myst |       |     8 |    13 ||    21
       Blink             |       |       |     1 ||     1
  Use: Potion            |       |     5 |     2 ||     7
  Eat: Chunk             |     1 |     8 |     3 ||    12
       Royal jelly       |       |       |     1 ||     1
Armor: Robe              |     9 |     9 |     2 ||    20
Dodge: Dodged            |    35 |    41 |    10 ||    86

Table legend:
 A = Spawn XP
 B = Non-spawn XP
 C = Spawn XP percentage of total XP
 D = Spawn monster count
 E = Non-spawn monster count
 F = Spawn count percentage of total count
 G = Total turns spent on level
                    A         B        C        D         E        F      G
               +---------+---------+-------+---------+---------+-------+---------
         Total |       0 |    1179 |   0.0 |       0 |      84 |   0.0 |  4818
               +---------+---------+-------+---------+---------+-------+---------
           D:1 |       0 |      23 |   0.0 |       0 |      16 |   0.0 |   837
           D:2 |       0 |      82 |   0.0 |       0 |      20 |   0.0 |   863
           D:3 |       0 |     124 |   0.0 |       0 |      19 |   0.0 |   861
           D:4 |       0 |     337 |   0.0 |       0 |      11 |   0.0 |  1252
           D:5 |       0 |     613 |   0.0 |       0 |      18 |   0.0 |  1005
               +---------+---------+-------+---------+---------+-------+---------
